 Dungeon Crawl Stone Soup version 0.31-a0-188-g5e087ee2ca (webtiles) character file.

Game seed: 13333674636621289907

111 qw the Skirmisher (level 4, 0/25 HPs)
             Began as a Deep Elf Hunter on June 23, 2023.
             Slain by a hobgoblin (3 damage)
             ... led by Robin
             ... on level 3 of the Dungeon.
             The game lasted 00:00:43 (1541 turns).

qw the Skirmisher (Deep Elf Hunter)                 Turns: 1541, Time: 00:00:43

Health: 0/25       AC:  3    Str: 10    XL:     4   Next: 62%
Magic:  6/6        EV: 12    Int: 14    God:
Gold:   75         SH:  0    Dex: 18    Spells: 3/3 levels left

rFire   . . .        Y - +0 shortbow
rCold   . . .        (shield currently unavailable)
rNeg    . . .        c - +0 leather armour
rPois   .            (no helmet)
rElec   .            (no cloak)
rCorr   .            (no gloves)
SInv    .            (no boots)
Will    .....        (no amulet)
Stlth   ++           (no ring)
HPRegen 0.24/turn    (no ring)
MPRegen 0.10/turn

%: no passive effects
@: no status effects
A: no striking features
a: no special abilities


You were on level 3 of the Dungeon.
You visited 1 branch of the dungeon, and saw 3 of its levels.

You collected 75 gold pieces.


   Skills:
 - Level 1.5 Fighting
 + Level 8.0 Ranged Weapons
 - Level 2.4 Dodging
 - Level 1.2 Stealth


You had 3 spell levels left.
You didn't know any spells.
Your spell library was empty.

Inventory:

Hand Weapons
 Y - a +0 shortbow (weapon)
Armour
 c - a +0 leather armour (worn)
Potions
 a - 2 potions of lignification {unknown}
 b - a potion of curing {unknown}
 d - a potion of attraction {unknown}
 e - a potion of magic {unknown}
 i - 2 potions of heal wounds {unknown}
 j - a potion of mutation {unknown}

Dungeon Overview and Level Annotations

Branches:
Dungeon (3/15)

Altars:
Qazlal


Message History

The arrow hits the hobgoblin.
The hobgoblin is severely wounded.
The goblin hits you with a +0 club. The goblin barely misses you.
The goblin hits you but does no damage. The hobgoblin barely misses you. x2
The hobgoblin misses you. The goblin barely misses you.
The goblin hits you but does no damage.
The hobgoblin hits you but does no damage.
The goblin closely misses you.
You shoot an arrow. The arrow closely misses the hobgoblin.
The arrow hits the hobgoblin!
You kill the hobgoblin!
The goblin hits you but does no damage. The hobgoblin hits you.
The goblin hits you with a +0 club. The goblin misses you.
The hobgoblin barely misses you.
You shoot an arrow. The arrow hits the hobgoblin.
You kill the hobgoblin!
The goblin hits you with a +0 dagger. The goblin hits you but does no damage.
The goblin hits you with a +0 club. The hobgoblin closely misses you.
You shoot an arrow. The arrow hits the goblin.
The goblin is severely wounded.
The goblin closely misses you. The goblin hits you with a +0 dagger.
The goblin closely misses you. The goblin hits you but does no damage.
The hobgoblin closely misses you.
You shoot an arrow. The arrow hits the goblin!
You kill the goblin!
The goblin misses you. The goblin hits you with a +0 dagger.
The goblin hits you with a +0 club. The hobgoblin closely misses you.
You shoot an arrow. The arrow hits the goblin.
You kill the goblin!
The goblin hits you but does no damage. The goblin closely misses you.
The goblin misses you. The hobgoblin barely misses you.
You shoot an arrow.
The arrow hits the hobgoblin but does no damage.
The goblin hits you with a +0 dagger.
The hobgoblin hits you but does no damage.
The goblin hits you but does no damage. The hobgoblin hits you.
The goblin closely misses you. The goblin barely misses you.
You shoot an arrow. The arrow closely misses the hobgoblin.
The goblin hits you with a +0 dagger. The hobgoblin hits you.
You die...

#. .. #. $ .#####.##.
.........# .........#
.....?...# ......ggg# .
......g@.##### .#
......gg)%...# .#
.............# .#
####....>....# .#
#.........#
.##+#########.........#
......................#
...#.#####.#..........#
...#.......#.#.########


You could see 2 hobgoblins and 4 goblins.

Vanquished Creatures
  A hound (D:2)
  An adder (D:2)
  2 worms (D:2)
  2 dart slugs
  An orc (D:3)
  7 endoplasms
  3 giant cockroaches
  8 hobgoblins
  2 quokkas (D:2)
  4 ball pythons
  2 bats
  5 frilled lizards
  12 goblins
  4 kobolds (D:2)
  2 rats
56 creatures vanquished.

Notes
Turn   | Place    | Note
-------+----------+-------------------------------------------
     0 | D:1      | qw the Deep Elf Hunter began the quest for the Orb.
     0 | D:1      | Reached XP level 1. HP: 12/12 MP: 3/3
     0 | D:1      | 0 ||| qw: Version: 0.3-a-9-g12657ce
     0 | D:1      | 0 ||| qw: Game counter: 3534
     0 | D:1      | 0 ||| qw: Always use a shield: true
     0 | D:1      | 0 ||| qw: God list: Okawaru
     0 | D:1      | 0 ||| qw: Allow faded altars: false
     0 | D:1      | 0 ||| qw: Do Orc after D:15 true
     0 | D:1      | 0 ||| qw: Do second Lair branch before Depths: true
     0 | D:1      | 0 ||| qw: Lair rune preference: random
     0 | D:1      | 0 ||| qw: Plans: Normal
     0 | D:1      | 0 ||| PLANNING D:1-11
   175 | D:1      | Reached XP level 2. HP: 16/16 MP: 4/4
   190 | D:1      | Reached skill level 6 in Ranged Weapons
   695 | D:1      | 695 ||| READING scroll labelled LUTYVA FONUURUR.
   696 | D:1      | 696 ||| DROPPING scroll of butterflies.
   752 | D:2      | Reached XP level 3. HP: 20/20 MP: 5/5
   771 | D:2      | HP: 3/20 [worm (5)]
   962 | D:2      | Reached skill level 7 in Ranged Weapons
  1364 | D:2      | 1364 ||| READING scroll labelled EROJIJ ROEMOBA.
  1367 | D:2      | 1367 ||| READING scroll labelled KUYJUMMEYNU.
  1368 | D:2      | 1368 ||| READING scroll labelled QOIZXEHE LYGOAROKH.
  1369 | D:2      | 1369 ||| READING 3 scrolls labelled APUDADUESE.
  1370 | D:2      | 1370 ||| READING scroll labelled JEYDAV IMOHAA.
  1371 | D:2      | 1371 ||| DRINKING 2 sedimented puce potions.
  1372 | D:2      | 1372 ||| DROPPING potion of brilliance.
  1373 | D:2      | 1373 ||| DROPPING 2 scrolls of revelation.
  1380 | D:3      | 1380 ||| STAIRDANCE
  1386 | D:2      | Reached XP level 4. HP: 15/25 MP: 6/6
  1474 | D:3      | Reached skill level 8 in Ranged Weapons
  1494 | D:3      | Found a stormy altar of Qazlal.
  1538 | D:3      | HP: 6/25 [goblin/+0 club[Robin] (2)]
  1541 | D:3      | Slain by a hobgoblin

Levels and vault maps discovered:
D:1:      lightli_arrival_statuegarden, layout_loops_ring
D:2:      layout_rooms, minmay_tetromino_l4
D:3:      layout_basic, mainiacjoe_overflow_cross_hatched,
          overflow_temple_1_default, amcnicky_mini_pool_small, uniq_robin

Skill      XL: |  1  2  3  4 |
---------------+-------------+-----
Ranged Weapons | 6 7 8 |  8.0
Fighting       | |  1.5
Dodging        | |  2.4
Stealth        | |  1.2

Action                     |  1- 3 |  4- 6 || total
---------------------------+-------+-------++-------
   Fire: Shortbow          |   145 |    29 ||   174
    Use: Scroll            |     6 |       ||     6
         Potion            |     1 |       ||     1
 Armour: Leather armour    |    10 |    14 ||    24
  Dodge: Dodged            |    43 |    24 ||    67

Table legend:
 A = Non-vault XP
 B = Vault XP
 C = Vault XP percentage of total XP
 D = Non-vault monster count
 E = Vault monster count
 F = Vault count percentage of total count
                 A         B        C        D         E       F
            +---------+---------+-------+---------+---------+-------
      Total |     148 |      11 |   6.9 |      50 |       6 |  10.7
            +---------+---------+-------+---------+---------+-------
        D:1 |      35 |       0 |   0.0 |      20 |       0 |   0.0
        D:2 |      97 |       4 |   4.0 |      21 |       2 |   8.7
        D:3 |      16 |       7 |  30.4 |       9 |       4 |  30.8
            +---------+---------+-------+---------+---------+-------
